[Event "Early-Titled-Tuesday-Blitz-March-26-2024"]
[Site "Chess.com"]
[Date "2024.03.26"]
[Round "1"]
[White "yaguigor"]
[Black "stratacticos"]
[Result "1-0"]
[WhiteElo "2569"]
[BlackElo "1859"]
[TimeControl "180+1"]
[EndTime "8:05:07 PDT"]
[Termination "yaguigor won by resignation"]

1. e4 c5 2. Nf3 Nc6 3. d4 cxd4 4. Nxd4 e5 5. Nb5 d6 6. c4 Be6 7. b3 Nf6 8. Bd3 Be7 9. O-O O-O 10. N5c3 Nd7 11.
Nd5 Bg5 12. Bb2 Rc8 13. Nbc3 a6 14. Be2 Nd4 15. Bg4 f5 16. exf5 Bxf5 17. Bxf5 Rxf5 18.
Ne4 Ne6 19. Nxd6 Rc6 20. Nxf5 1-0

[Event "Early-Titled-Tuesday-Blitz-March-26-2024"]
[Site "Chess.com"]
[Date "2024.03.26"]
[Round "1"]
[White "EternalNight8"]
[Black "Onischuk_V"]
[Result "0-1"]
[WhiteElo "2447"]
[BlackElo "2807"]
[TimeControl "180+1"]
[EndTime "8:05:08 PDT"]
[Termination "Onischuk_V won by resignation"]

1. d4 d6 2. e4 g6 3. Nc3 Bg7 4. f4 Nf6 5. Nf3 O-O 6. Be3 b6 7. Qd2 Bb7 8. Bd3 c5 9. d5 Nbd7 10. O-O-O a6 11. a4 b5 12. axb5 axb5 13. Kb1 b4 14. Na2 Qa5 15. Bc4 Nb6 16. Bb3 Ba6 17. e5 Ne4 18. Qe1 Bc4 19. Nd2 Bxb3 20. cxb3 Qxa2+ 21. Kc2 Nxd2 22. Qxd2 Ra3 23. Qd3 c4 0-1

[Event "Early-Titled-Tuesday-Blitz-March-26-2024"]
[Site "Chess.com"]
[Date "2024.03.26"]
[Round "1"]
[White "Goryachkina"]
[Black "Zampronha1971"]
[Result "1-0"]
[WhiteElo "2682"]
[BlackElo "2353"]
[TimeControl "180+1"]
[EndTime "8:05:11 PDT"]
[Termination "Goryachkina won by resignation"]

1. e4 c5 2. Nf3 e6 3. d4 cxd4 4. Nxd4 Nc6 5. Nc3 Qc7 6. Be2 a6 7. O-O Nf6 8. Be3 Bb4 9. Nxc6 bxc6 10. Na4 Be7 11. Qd3 O-O 12. c4 c5 13. Nc3 Bb7 14. Rfd1 Rfd8 15. Qc2 d5 16. exd5 exd5 17. cxd5 Nxd5 18.
Nxd5 Bxd5 19. b3 Qb7 20. Bf1 Rac8 21. Rac1 Bf8 22. Qf5 Be4 23. Qg4 f5 24. Qg3 Rxd1 25. Rxd1 Qc7 26. Bc4+ Kh8 27. Qxc7 Rxc7 28. Rd8 1-0

[Event "Early-Titled-Tuesday-Blitz-March-26-2024"]
[Site "Chess.com"]
[Date "2024.03.26"]
[Round "1"]
[White "Yurasova_Daria"]
[Black "djano"]
[Result "0-1"]
[WhiteElo "2309"]
[BlackElo "2648"]
[TimeControl "180+1"]
[EndTime "8:05:14 PDT"]
[Termination "djano won by resignation"]

1. d4 Nf6 2. Bg5 d5 3. Bxf6 gxf6 4. e3 c5 5. g3 Nc6 6. Ne2 cxd4 7. exd4 Bg4 8. c3 Bf3 9. Rg1 Qd7 10. Nd2 Bg4 11. Bg2 Bh6 12. Nb3 O-O-O 13. Nc5 Qc7 14. h3 Bh5 15. f4 Bg6 16. Qd2 e5 17. O-O-O Rhe8 18. Rgf1 exd4 19. cxd4 Rxe2 20. Qxe2 Nxd4 21. Rxd4 Qxc5+ 22. Rc4 Qxc4+ 23. Qxc4+ dxc4 24. b3 cxb3 25. axb3 Bf5 26. g4 Be6 27. Kc2 Bd5 28. Bxd5 Rxd5 29. g5 Bg7 0-1

[Event "Early-Titled-Tuesday-Blitz-March-26-2024"]
[Site "Chess.com"]
[Date "2024.03.26"]
[Round "1"]
[White "shimastream"]
[Black "Zorbos"]
[Result "1-0"]
[WhiteElo "3041"]
[BlackElo "2538"]
[TimeControl "180+1"]
[EndTime "8:05:15 PDT"]
[Termination "shimastream won by resignation"]

1. e4 c5 2. d4 cxd4 3. Qxd4 Nc6 4. Qd3 g6 5. Nc3 Bg7 6. Nf3 d6 7. Be2 Nf6 8. O-O O-O 9. Nd5 Bd7 10. c3 Rc8 11. Bg5 Nxd5 12. exd5 Ne5 13. Nxe5 Bxe5 14. Rae1 Bf5 15. Qd2 Qc7 16. h4 Bg7 17. h5 Rfe8 18.
Bb5 Bd7 19. Bd3 e6 20. dxe6 Bxe6 21. h6 Bh8 22. a3 Qc5 23. Be3 Qc7 24. Rc1 b6 25.
Rfe1 d5 26. Bb5 Bd7 27. Qxd5 Bxb5 28. Qxb5 Qc4 29. Qxc4 Rxc4 30. Rcd1 Bf6 31. Rd7 Re7 32. Rd8+ 1-0

[Event "Early-Titled-Tuesday-Blitz-March-26-2024"]
[Site "Chess.com"]
[Date "2024.03.26"]
[Round "1"]
[White "MightyGMpretender"]
[Black "JERO-8914"]
[Result "1-0"]
[WhiteElo "2784"]
[BlackElo "2431"]
[TimeControl "180+1"]
[EndTime "8:05:16 PDT"]
[Termination "MightyGMpretender won by resignation"]

1. e4 c6 2. d4 d5 3. e5 Bf5 4. Nf3 e6 5. Be2 Nd7 6. O-O Ne7 7. a4 a5 8. c3 Ng6 9. Na3 Be7 10. Nc2 O-O 11.
Ne3 Be4 12. Nd2 Nf4 13. Nxe4 dxe4 14. Re1 f5 15. exf6 gxf6 16. Bc4 Nd5 17. Qg4+ Kf7 18.
Qxe4 f5 19. Qf3 N7f6 20. Nxd5 cxd5 21. Bf1 Rg8 22. Bf4 Bd6 23. Bxd6 Qxd6 24. g3 h5 25. Re5 h4 26. Rae1 Rae8 27. Bb5 Re7 28. Bd3 hxg3 29. fxg3 Rg5 30. Qe3 Rg7 31. Bxf5 Nd7 32. Bxe6+ 1-0

[Event "Early-Titled-Tuesday-Blitz-March-26-2024"]
[Site "Chess.com"]
[Date "2024.03.26"]
[Round "1"]
[White "DishonorOnYourCow"]
[Black "mishanick"]
[Result "0-1"]
[WhiteElo "2551"]
[BlackElo "3098"]
[TimeControl "180+1"]
[EndTime "8:05:21 PDT"]
[Termination "mishanick won by resignation"]

1. d4 Nf6 2. c4 e6 3. Nf3 d5 4. Nc3 Nbd7 5. cxd5 exd5 6. Bf4 c6 7. e3 Nh5 8. Bg5 Be7 9. Bxe7 Qxe7 10. Qc2 Nb6 11. Be2 g6 12. O-O Bf5 13. Bd3 Bxd3 14. Qxd3 O-O 15.
h3 Rfe8 16. Nd2 Rad8 17. Rfe1 f5 18. a4 a5 19. Nf3 Nc4 20. b3 Nd6 21. Ne5 Nf6 22.
f4 Nde4 23. Nxe4 Nxe4 24. Rac1 Kh8 25. Qc2 Rg8 26. Rf1 Rg7 27. Qe2 Ng3 28. Qe1 Nxf1 29. Kxf1 Ra8 30. Kg1 g5 31. fxg5 Qxg5 32. Qf2 h6 33.
Kh1 Kh7 34. Rg1 Rf8 35. Qc2 Kg8 36. g3 Qxe3 0-1

[Event "Early-Titled-Tuesday-Blitz-March-26-2024"]
[Site "Chess.com"]
[Date "2024.03.26"]
[Round "1"]
[White "YairParkhov"]
[Black "arnash_bauyrzhan"]
[Result "1-0"]
[WhiteElo "2701"]
[BlackElo "2362"]
[TimeControl "180+1"]
[EndTime "8:05:21 PDT"]
[Termination "YairParkhov won on time"]

1. d4 d5 2. Nf3 Nf6 3. Bf4 e6 4. Nbd2 Bd6 5. Bg5 O-O 6. e4 dxe4 7. Nxe4 Be7 8. Nxf6+ Bxf6 9. h4 c5 10. Bd3 cxd4 11.
Qe2 Nd7 12. O-O-O Nc5 13. Bxh7+ Kxh7 14. Rxd4 Qa5 15. Bxf6 gxf6 16. Ng5+ Kg7 17. Qh5 Nd3+ 18. Rxd3 Qf5 19. Rg3 Qg6 20. Nxe6+ Bxe6 21. Rxg6+ fxg6 22. Qc5 Rac8 23. Qe7+ Bf7 24. h5 1-0

[Event "Early-Titled-Tuesday-Blitz-March-26-2024"]
[Site "Chess.com"]
[Date "2024.03.26"]
[Round "1"]
[White "jk13"]
[Black "ArchibaldCerveza29"]
[Result "1-0"]
[WhiteElo "2697"]
[BlackElo "2360"]
[TimeControl "180+1"]
[EndTime "8:05:23 PDT"]
[Termination "jk13 won by resignation"]

1. e4 e5 2. Nf3 Nf6 3. Bc4 Nxe4 4. Nxe5 d5 5. Be2 Bd6 6. d4 O-O 7. O-O Nd7 8. Nd3 c6 9. Bf4 Ndf6 10. Bxd6 Nxd6 11. Nd2 Nfe4 12. Nf3 Bg4 13. Re1 Bxf3 14. Bxf3 Re8 15. c3 Qh4 16. Qc2 Ng5 17. Be2 Re6 18.
Bf1 Rh6 19. h3 Nge4 20. Re3 Rf6 21. Rae1 Nf5 22. Rf3 Qg5 23. Ne5 Nxd4 24. cxd4 Re6 1-0

[Event "Early-Titled-Tuesday-Blitz-March-26-2024"]
[Site "Chess.com"]
[Date "2024.03.26"]
[Round "1"]
[White "suyu28"]
[Black "SuperJesus88"]
[Result "1-0"]
[WhiteElo "2840"]
[BlackElo "2468"]
[TimeControl "180+1"]
[EndTime "8:05:24 PDT"]
[Termination "suyu28 won by resignation"]

1. e4 d6 2. d4 Nf6 3. Nc3 e5 4. Nf3 Nbd7 5. Bc4 Be7 6. a4 O-O 7. O-O c6 8. a5 Rb8 9. h3 b5 10. axb6 axb6 11. Re1 b5 12. Bd3 b4 13. Ne2 d5 14. Ng3 dxe4 15. Nxe4 exd4 16. Bf4 Rb6 17. Nxd4 Nc5 18. Nxc5 Bxc5 19. Nb3 Be7 20. Ra7 Nd5 21. Rexe7 Nxe7 22. Bc7 Qxc7 23. Rxc7 Be6 24. Rxe7 1-0

[Event "Early-Titled-Tuesday-Blitz-March-26-2024"]
[Site "Chess.com"]
[Date "2024.03.26"]
[Round "1"]
[White "Matrix3x3a"]
[Black "Saraisitave"]
[Result "1-0"]
[WhiteElo "2607"]
[BlackElo "2225"]
[TimeControl "180+1"]
[EndTime "8:05:24 PDT"]
[Termination "Matrix3x3a won by resignation"]

1. d4 d5 2. c4 c6 3. Nc3 Nf6 4. Nf3 e6 5. Bg5 Nbd7 6. e3 Bd6 7. Rc1 O-O 8. Bd3 dxc4 9. Bxc4 b5 10. Bd3 Qb6 11. O-O Bb7 12. e4 Bc7 13. e5 Nd5 14. Nxd5 cxd5 15. Qe2 Rfc8 16. Bxb5 Nf8 17. Bd3 a5 18.
Be7 Ng6 19. Bc5 Qc6 20. g3 Qd7 21. h4 Qd8 22. Kg2 Bb6 23. Bd6 Rxc1 24. Rxc1 Rc8 25. Rxc8 Qxc8 26. Ng5 Bxd4 27. Qh5 Nf8 28. Bxh7+ 1-0

[Event "Early-Titled-Tuesday-Blitz-March-26-2024"]
[Site "Chess.com"]
[Date "2024.03.26"]
[Round "1"]
[White "nindjaxx8"]
[Black "javierfreilemartin"]
[Result "1-0"]
[WhiteElo "2653"]
[BlackElo "2323"]
[TimeControl "180+1"]
[EndTime "8:05:25 PDT"]
[Termination "nindjaxx8 won on time"]

1. d4 Nf6 2. c4 g6 3. Nc3 Bg7 4. e4 d6 5. Be2 O-O 6. Be3 e5 7. d5 Na6 8. g4 Nd7 9. h4 Ndc5 10. h5 f5 11. hxg6 hxg6 12. gxf5 gxf5 13. exf5 Bxf5 14.
Qd2 Nb4 15. Kd1 Nc2 16. Rc1 Nd4 17. Bh6 Qf6 18. Bxg7 Qxg7 19. Nh3 Bxh3 20. Rxh3 Rxf2 21. Qe3 Qg1+ 22. Kd2 Ne4+ 23. Qxe4 Rxe2+ 24. Nxe2 1-0

[Event "Early-Titled-Tuesday-Blitz-March-26-2024"]
[Site "Chess.com"]
[Date "2024.03.26"]
[Round "1"]
[White "Rashad_Zeynalli"]
[Black "Christ_is_alive"]
[Result "1-0"]
[WhiteElo "2673"]
[BlackElo "2335"]
[TimeControl "180+1"]
[EndTime "8:05:28 PDT"]
[Termination "Rashad_Zeynalli won by resignation"]

1. d4 Nf6 2. Bf4 g6 3. Nf3 Bg7 4. e3 O-O 5. Be2 d6 6. h3 Nbd7 7. Bh2 b6 8. O-O Bb7 9. a4 a5 10. Na3 Ne4 11. Nb5 e5 12. c3 h6 13. Qc2 f5 14. Rfd1 Qc8 15. Bc4+ Kh7 16. Be6 c6 17. Na3 Qe8 18. Bxd7 Qxd7 19. dxe5 d5 20. Nc4 Qc7 21. Nd6 Rad8 22. c4 Nxd6 23. exd6 Qd7 24. cxd5 cxd5 25.
Qc7 Rf7 26. Rac1 Bxb2 27. Rb1 Ba3 28. Rxb6 Qe6 29. Qxd8 1-0

[Event "Early-Titled-Tuesday-Blitz-March-26-2024"]
[Site "Chess.com"]
[Date "2024.03.26"]
[Round "1"]
[White "JG-17"]
[Black "DavidGavrilescu18"]
[Result "0-1"]
[WhiteElo "2419"]
[BlackElo "2766"]
[TimeControl "180+1"]
[EndTime "8:05:29 PDT"]
[Termination "DavidGavrilescu18 won by resignation"]

1. e4 c5 2. Nf3 a6 3. c4 Nc6 4. d4 cxd4 5. Nxd4 e5 6. Nf5 d6 7.
Nc3 g6 8. Ne3 Bh6 9. Be2 Nf6 10.
O-O O-O 11. Ned5 Bxc1 12. Rxc1 Be6 13. f3 Bxd5 14. Nxd5 Nxd5 15. cxd5 Nd4 16. Kh1 Rc8 17. Qd2 Qb6 18. b3 Kg7 19. Bc4 f5 20. exf5 Rxf5 21. Bd3 Rff8 22. Qg5 Qd8 23. Qg4 Rc7 24. Qg3 Qe7 25.
Be4 Rxc1 26. Rxc1 Ne2 27. Qe1 Nxc1 28. Qxc1 Qd7 29. h4 Rc8 30. Qg5 Qd8 31. Qg4 Rc7 32. h5 Qd7 33. Qg5 Qe7 34. Qg4 Rc1+ 35. Kh2 Qf6 36. Qd7+ Kh6 37. Qh3 Qf4+ 0-1

[Event "Early-Titled-Tuesday-Blitz-March-26-2024"]
[Site "Chess.com"]
[Date "2024.03.26"]
[Round "1"]
[White "Irina_Mikhaylova"]
[Black "SirStrateg"]
[Result "1/2-1/2"]
[WhiteElo "2283"]
[BlackElo "2614"]
[TimeControl "180+1"]
[EndTime "8:05:30 PDT"]
[Termination "Game drawn by repetition"]

1. d4 Nf6 2. Nf3 d6 3. c4 Nbd7 4. Nc3 e5 5. e4 Be7 6. Be2 O-O 7.
O-O c6 8. Be3 a6 9. d5 cxd5 10.
cxd5 h6 11. Rc1 b5 12. Nd2 Ne8 13. b4 Bg5 14. Bxg5 hxg5 15. a4 bxa4 16. Qxa4 Nb6 17. Qa5 Nf6 18. Na4 Nxa4 19. Qxa4 Bd7 20. Qa5 Qxa5 21.
bxa5 Rfb8 22. Rb1 Bb5 23. Bxb5 axb5 24. Ra1 Ra6 25. Rfb1 g4 26. Kf1 Kf8 27. Ke2 Ke7 28. Ke3 Nd7 29. Rb4 Nc5 30. Nb3 Na4 31. Raxa4 bxa4 32.
Rxb8 axb3 33. Rb7+ Ke8 34. Rb8+ Ke7 35. Rb7+ Kf6 36.
Rxb3 Rxa5 37. Rb6 Ra3+ 38. Ke2 Ke7 39. Rb7+ Ke8 40. Rb8+ Ke7 41. Rb7+ Kf6 42. Rb6 Kg5 43. g3 Ra2+ 44. Ke3 Ra3+ 45. Ke2 Ra2+ 46. Ke3 Ra3+ 47. Ke2 1/2-1/2

[Event "Early-Titled-Tuesday-Blitz-March-26-2024"]
[Site "Chess.com"]
[Date "2024.03.26"]
[Round "1"]
[White "Andrei_Belozerov"]
[Black "ferrufino64"]
[Result "1-0"]
[WhiteElo "2615"]
[BlackElo "2234"]
[TimeControl "180+1"]
[EndTime "8:05:34 PDT"]
[Termination "Andrei_Belozerov won by resignation"]

1. e4 c5 2. Nf3 d6 3. Bb5+ Nd7 4. O-O a6 5. Bd3 g6 6. c3 Bg7 7. Bc2 c4 8. b3 b5 9. a4 Rb8 10. axb5 axb5 11. Na3 Qc7 12. Qe2 b4 13. Nxc4 bxc3 14. d4 e6 15. Bf4 e5 16. dxe5 dxe5 17. Bg3 Ne7 18. Qd3 O-O 19. Qxc3 Bb7 20. Rfd1 Rbc8 21. Qb4 Nc6 22. Qd6 Rfe8 23. Qxc7 Rxc7 24. Nd6 Rb8 25. Bd3 Nc5 26. Bc4 Ne6 27. Nxf7 Kxf7 28. Ng5+ Kf6 29. Nxe6 Re7 30. Bh4+ g5 31. Bxg5+ 1-0

[Event "Early-Titled-Tuesday-Blitz-March-26-2024"]
[Site "Chess.com"]
[Date "2024.03.26"]
[Round "1"]
[White "GlavkonVVS"]
[Black "Marielchessy"]
[Result "1-0"]
[WhiteElo "2643"]
[BlackElo "2301"]
[TimeControl "180+1"]
[EndTime "8:05:35 PDT"]
[Termination "GlavkonVVS won by resignation"]

1. c4 e5 2. Nc3 Nc6 3. g3 d6 4.
Bg2 Be6 5. d3 Qd7 6. h3 g6 7.
Nf3 Bg7 8. Ng5 Bf5 9. g4 Be6 10. Bd2 Nge7 11. Rb1 O-O 12. b4 h6 13. Nxe6 fxe6 14. b5 Nd8 15. O-O g5 16. e3 Ng6 17.
a4 Nh4 18. Bh1 c6 19. a5 d5 20. a6 dxc4 21. dxc4 cxb5 22. axb7 Nxb7 23. Rxb5 Nd6 24.
Be1 Qc7 25. Rb1 Nxc4 26. Nb5 Qf7 27. Qe2 Rac8 28. Bb4 Rfd8 29. Rfd1 a6 30. Nc3 e4 31. Rxd8+ Rxd8 32. Qxc4 Bxc3 33. Bxc3 Rf8 34. Rb2 Nf3+ 35.
Bxf3 Qxf3 36. Qxe6+ 1-0

[Event "Early-Titled-Tuesday-Blitz-March-26-2024"]
[Site "Chess.com"]
[Date "2024.03.26"]
[Round "1"]
[White "GMG"]
[Black "CADMartin"]
[Result "1-0"]
[WhiteElo "2798"]
[BlackElo "2439"]
[TimeControl "180+1"]
[EndTime "8:05:36 PDT"]
[Termination "GMG won by resignation"]

1. d4 Nf6 2. c4 c5 3. Nf3 cxd4 4. Nxd4 g6 5. Nc3 Bg7 6. g3 O-O 7. Bg2 Nc6 8. O-O Qb6 9. Nb3 d6 10. h3 Be6 11. Nd5 Bxd5 12. cxd5 Ne5 13. Be3 Qd8 14. Rc1 a6 15. f4 Ned7 16. Qd2 Rc8 17. Qb4 b5 18. Rc6 Nb8 19. Rxc8 Qxc8 20. Rc1 Qb7 21. Na5 Qa8 22. Nc6 Qb7 23. Qa5 Nbd7 24. Nxe7+ Kh8 25. Rc7 Qa8 26. Nc6 Re8 27. Kf2 Nc5 28.
Bxc5 dxc5 29. d6 Ne4+ 30. Bxe4 Rxe4 31. d7 1-0

[Event "Early-Titled-Tuesday-Blitz-March-26-2024"]
[Site "Chess.com"]
[Date "2024.03.26"]
[Round "1"]
[White "kai_nov"]
[Black "Yeritsyaan"]
[Result "0-1"]
[WhiteElo "2339"]
[BlackElo "2674"]
[TimeControl "180+1"]
[EndTime "8:05:37 PDT"]
[Termination "Yeritsyaan won by resignation"]

1. e4 c5 2. Nf3 d6 3. c3 Nf6 4.
Be2 g6 5. O-O Bg7 6. d3 O-O 7.
Be3 Nc6 8. h3 a6 9. Nbd2 Rb8 10.
a4 b5 11. Qc2 b4 12. Nb3 Be6 13. Nbd2 h6 14. d4 bxc3 15. bxc3 cxd4 16. Nxd4 Nxd4 17. cxd4 d5 18. e5 Nd7 19. Bxa6 Qa5 20. Bb5 Rfc8 21. Qd3 Nb6 22. Rfb1 Bf5 23. Qe2 Bxb1 24. Rxb1 e6 25. Nb3 Qc3 26. Bd2 Qc2 27. Bd3 Qa2 28. a5 Nc4 29. Qd1 Nb2 30. Qe2 Rxb3 31. Ba6 Qxb1+ 0-1

[Event "Early-Titled-Tuesday-Blitz-March-26-2024"]
[Site "Chess.com"]
[Date "2024.03.26"]
[Round "1"]
[White "NikitaShnadrygin"]
[Black "hsd2016"]
[Result "1-0"]
[WhiteElo "2648"]
[BlackElo "2314"]
[TimeControl "180+1"]
[EndTime "8:05:37 PDT"]
[Termination "NikitaShnadrygin won by resignation"]

1. e4 e5 2. Nf3 Nc6 3. Bb5 a6 4. Ba4 Nf6 5. O-O Be7 6. Re1 b5 7. Bb3 O-O 8. c3 d6 9. h3 Na5 10. Bc2 c5 11. d4 cxd4 12. cxd4 Nc6 13. Nc3 Bb7 14. Be3 Rc8 15. Rc1 Nxd4 16. Nxd4 exd4 17. Bxd4 d5 18. e5 Ne4 19. Qf3 f5 20. exf6 Bxf6 21.
Bxf6 Rxf6 22. Qd3 Qb6 23. Nxe4 dxe4 24. Bb3+ Kh8 25. Rxc8+ Bxc8 26. Qe3 Qxe3 27. Rxe3 Bb7 28. f3 Rf5 29. Bc2 Re5 30. Bxe4 g6 31. Kf2 Kg7 32.
Bxb7 1-0

[Event "Early-Titled-Tuesday-Blitz-March-26-2024"]
[Site "Chess.com"]
[Date "2024.03.26"]
[Round "1"]
[White "ACollins05"]
[Black "maciek_92"]
[Result "1-0"]
[WhiteElo "2504"]
[BlackElo "2872"]
[TimeControl "180+1"]
[EndTime "8:05:43 PDT"]
[Termination "ACollins05 won by checkmate"]

1. d4 Nf6 2. c4 e6 3. Nf3 c5 4. d5 b5 5. Bf4 exd5 6. cxd5 d6 7.
e4 a6 8. a4 b4 9. Nbd2 Be7 10.
Bd3 Nh5 11. Be3 O-O 12. O-O f5 13. exf5 Nd7 14. Nc4 Nb6 15. Nxb6 Qxb6 16. g4 Nf6 17. h3 Bb7 18. Bc4 Nd7 19. Re1 Bf6 20. Qd2 h6 21.
Bf4 Rae8 22. Re6 Rxe6 23. dxe6 Bxf3 24. exd7+ Kh7 25. Qxd6 Qd8 26. Re1 Qa8 27. Qxa6 Qd8 28. Qd6 Qa8 29. Qa6 Qd8 30. Bb5 Bd4 31. Be3 Qh4 32.
Qg6+ Kg8 33. Qh5 Qf6 34. Bxd4 Qxd4 35. Qe8 Bb7 36. Qxf8+ Kxf8 37. Re8+ Kf7 38. d8=Q Bd5 39. Qe7# 1-0

[Event "Early-Titled-Tuesday-Blitz-March-26-2024"]
[Site "Chess.com"]
[Date "2024.03.26"]
[Round "1"]
[White "TangerineandLemon25"]
[Black "igorknyazev"]
[Result "1/2-1/2"]
[WhiteElo "2601"]
[BlackElo "2240"]
[TimeControl "180+1"]
[EndTime "8:05:49 PDT"]
[Termination "Game drawn by repetition"]

1. e4 e5 2. Nf3 Nf6 3. Nxe5 Nxe4 4. Qe2 Qe7 5. Qxe4 d6 6. d4 dxe5 7. dxe5 Nc6 8. Nc3 Qxe5 9. Qxe5+ Nxe5 10. Bf4 Bd6 11. Nb5 Nf3+ 12. gxf3 Bxf4 13. Bc4 c6 14. Nd4 Bh3 15. Ne2 Bh6 16. Rg1 O-O 17. f4 Rad8 18. Bd3 Rfe8 19. Rg3 Be6 20. Re3 c5 21. b3 g6 22. O-O-O Bg4 23. Bc4 Bxe2 24. Rxd8 Rxd8 25. Rxe2 Bxf4+ 26. Kb2 Rd7 27. h3 Kg7 28. a4 f6 29. Re8 Be5+ 30. Kc1 Bf4+ 31. Kb2 Be5+ 32. Kc1 Bf4+ 33. Kb2 1/2-1/2

[Event "Early-Titled-Tuesday-Blitz-March-26-2024"]
[Site "Chess.com"]
[Date "2024.03.26"]
[Round "1"]
[White "RebelJohnny"]
[Black "Aural1011"]
[Result "1-0"]
[WhiteElo "2560"]
[BlackElo "1772"]
[TimeControl "180+1"]
[EndTime "8:05:49 PDT"]
[Termination "RebelJohnny won on time"]

1. f4 d5 2. Nf3 e6 3. e3 c5 4.
b3 Nc6 5. Bb5 Nf6 6. Bb2 Be7 7.
Ne5 Bd7 8. Bxc6 Bxc6 9. O-O O-O 10. Qe1 Qb6 11. Qg3 Ne4 12. Qh3 Bd6 13. d3 Nf6 14. Nd2 Nd7 15. Ndf3 c4 16. Bd4 Bc5 17. bxc4 Bxd4 18.
Nxd4 Nxe5 19. fxe5 dxc4 20. Rab1 Qc5 21. Qg3 Rad8 22. Rf2 h6 23. Rbf1 cxd3 24. cxd3 Qd5 25. Rf6 1-0

[Event "Early-Titled-Tuesday-Blitz-March-26-2024"]
[Site "Chess.com"]
[Date "2024.03.26"]
[Round "1"]
[White "Boudicca64"]
[Black "Russian_berezka"]
[Result "0-1"]
[WhiteElo "1835"]
[BlackElo "2560"]
[TimeControl "180+1"]
[EndTime "8:05:50 PDT"]
[Termination "Russian_berezka won by resignation"]

1. e4 g6 2. d4 Bg7 3. Be3 c5 4.
c3 cxd4 5. cxd4 d6 6. f4 Nf6 7. Nc3 Ng4 8. Bc1 Nc6 9. Nf3 O-O 10. h3 Nf6 11. Be3 d5 12. e5 Ne4 13. Nxe4 dxe4 14.
Nd2 Nxd4 15. Nxe4 Nf5 16. Bf2 Bd7 17. Bd3 Bc6 18. O-O Qd7 19. Qe2 Nd4 20. Qe3 Rad8 21. Rad1 Nf5 22. Qe2 Qc7 23. Bc4 a6 24. e6 f6 25. Rc1 Qxf4 26. Nc5 Rd2 27. Be3 Qxe3+ 28. Qxe3 Rxg2+ 0-1

[Event "Early-Titled-Tuesday-Blitz-March-26-2024"]
[Site "Chess.com"]
[Date "2024.03.26"]
[Round "1"]
[White "LuisFSiles"]
[Black "Boundless_Strike"]
[Result "0-1"]
[WhiteElo "2298"]
[BlackElo "2634"]
[TimeControl "180+1"]
[EndTime "8:05:52 PDT"]
[Termination "Boundless_Strike won by checkmate"]

1. e4 e5 2. Nf3 d5 3. exd5 e4 4. Qe2 Nf6 5. Nc3 Be7 6. Nxe4 O-O 7. d3 Re8 8. Be3 Nxd5 9. O-O-O f5 10. Qe1 Nxe3 11.
fxe3 fxe4 12. dxe4 Bd7 13. Ne5 Bd6 14. Bc4+ Be6 15.
Qc3 Qf6 16. Bxe6+ Rxe6 17. Qb3 Qxe5 18. Qxb7 Qxe4 19. Rd5 Qxe3+ 20. Kb1 Qe1+ 21. Rd1 Qe4 22. Rd5 Re5 23. Qxa8 Qxd5 24. Qxb8+ Bf8 25. Rf1 Rf5 26. Rxf5 Qd1# 0-1

[Event "Early-Titled-Tuesday-Blitz-March-26-2024"]
[Site "Chess.com"]
[Date "2024.03.26"]
[Round "1"]
[White "bazar-wokzal"]
[Black "Hikaru"]
[Result "0-1"]
[WhiteElo "2559"]
[BlackElo "3273"]
[TimeControl "180+1"]
[EndTime "8:05:54 PDT"]
[Termination "Hikaru won by resignation"]

1. e4 a6 2. d4 e6 3. Nf3 d5 4. e5 c5 5. c3 Bd7 6. a3 Bb5 7. c4 Bxc4 8. Bxc4 dxc4 9. O-O Nc6 10. Be3 cxd4 11. Bxd4 Nge7 12. Nc3 Nf5 13. Ne2 Rc8 14.
a4 Ncxd4 15. Nexd4 Nxd4 16. Qxd4 Qxd4 17. Nxd4 Bc5 18.
Rfd1 Ke7 19. Rac1 Rhd8 20. Nc2 Rd5 21. Na3 Rxd1+ 22. Rxd1 c3 23. Nc4 Bxf2+ 24. Kxf2 Rxc4 25. bxc3 Rxa4 26. Ke3 Ra5 27. Ke4 Rc5 28. Rd3 b5 29.
Rh3 h6 30. Rg3 g6 31. Rh3 h5 32. Rf3 a5 33. Kd4 Rd5+ 34. Ke4 a4 35. c4 Rc5 36. cxb5 Rxb5 37. Ra3 Rb4+ 38. Kd3 Kd7 39. Kc3 Rg4 40. g3 Re4 41. Kd3 Rxe5 42. Rxa4 Ke7 43. Ra7+ Kf6 44. Kd4 Re2 45. h4 e5+ 46. Kd5 Re3 47. Ra6+ Kg7 48. Ra3 Rxa3 0-1

[Event "Early-Titled-Tuesday-Blitz-March-26-2024"]
[Site "Chess.com"]
[Date "2024.03.26"]
[Round "1"]
[White "frederiksvane"]
[Black "colegiodemadrid"]
[Result "1-0"]
[WhiteElo "2979"]
[BlackElo "2526"]
[TimeControl "180+1"]
[EndTime "8:05:57 PDT"]
[Termination "frederiksvane won by resignation"]

1. c4 Nf6 2. Nc3 g6 3. d4 Bg7 4.
e4 d6 5. Be2 O-O 6. Be3 e5 7.
d5 a5 8. h4 h5 9. Nh3 Na6 10. f3 c6 11. Qd2 cxd5 12. cxd5 Bd7 13. O-O Rc8 14. Ng5 Nc5 15. Rfc1 Nh7 16. Nb5 Bxb5 17.
Bxb5 Nxg5 18. hxg5 f5 19. gxf6 Bxf6 20. Bxc5 dxc5 21.
d6 b6 22. d7 Rb8 23. Qd6 Kg7 24. Rd1 h4 25. Rd5 Qe7 26. Rad1 Qxd6 27. Rxd6 Rfd8 28. Re6 g5 29. Rdd6 Rf8 30. Rxf6 Rxf6 31. d8=Q Rxd8 32. Rxd8 1-0

[Event "Early-Titled-Tuesday-Blitz-March-26-2024"]
[Site "Chess.com"]
[Date "2024.03.26"]
[Round "1"]
[White "verrbaa"]
[Black "MatthewG-p4p"]
[Result "0-1"]
[WhiteElo "2497"]
[BlackElo "2900"]
[TimeControl "180+1"]
[EndTime "8:05:58 PDT"]
[Termination "MatthewG-p4p won on time"]

1. e4 e6 2. d4 d5 3. Nc3 Bb4 4. e5 Ne7 5. a3 Bxc3+ 6. bxc3 c5 7. h4 Qc7 8. Nf3 b6 9. h5 h6 10. a4 Ba6 11. Bb5+ Bxb5 12. axb5 a5 13. bxa6 Rxa6 14. Rxa6 Nxa6 15. O-O O-O 16. Ba3 Rc8 17. Qe2 Nb8 18. Rb1 Nd7 19. Qa6 Qc6 20. dxc5 Ra8 21. Qb5 Qxb5 22. Rxb5 Rxa3 23. cxb6 Rxc3 24. b7 Nc6 25.
Rb2 Rc4 26. Nd2 Rb4 27. Rxb4 Nxb4 28. Nb3 Nc6 29. f4 Kf8 30. Kf2 Ke7 31. g4 Kd8 32. g5 Kc7 33. gxh6 gxh6 34. Nd2 Kxb7 35. Nf3 Nc5 36. Kg3 Kc7 37. Kg4 Kd7 38. f5 Ke7 39.
f6+ Kf8 40. Kf4 Nd7 41. c3 Ke8 42. Ke3 Ndxe5 43. Nd4 Nxd4 44. cxd4 Nd7 0-1

[Event "Early-Titled-Tuesday-Blitz-March-26-2024"]
[Site "Chess.com"]
[Date "2024.03.26"]
[Round "1"]
[White "chucksterf10"]
[Black "Dr_Thomas_Quilter"]
[Result "1-0"]
[WhiteElo "2582"]
[BlackElo "2141"]
[TimeControl "180+1"]
[EndTime "8:05:58 PDT"]
[Termination "chucksterf10 won by resignation"]

1. Nf3 Nf6 2. e3 b6 3. b3 Bb7 4.
Bb2 c5 5. Be2 e6 6. O-O Qc7 7.
h3 Be7 8. c4 h5 9. Nc3 g5 10.
d4 g4 11. Nb5 Qc8 12. dxc5 gxf3 13. Bxf3 Na6 14. Bxf6 Rg8 15. Nd6+ Bxd6 16. Qxd6 Qxc5 17. Qxc5 Nxc5 18. Bxb7 Nxb7 19. Rad1 Rg6 20. Bh4 f6 21. Rd4 Ke7 22. Rfd1 Rd8 23. e4 Nc5 24. e5 a5 25.
Bxf6+ Rxf6 26. exf6+ Kxf6 27. Rd6 Ke7 28. Rxb6 Ra8 29.
a3 Ne4 30. Rb7 Nc5 31. Rc7 Nxb3 32. Rdxd7+ Kf6 33. f4 a4 34. Rf7+ Kg6 35. g4 hxg4 36. hxg4 Rd8 37. Rg7+ Kh6 38. Rh7+ Kg6 39. Rcg7+ Kf6 40.
Rf7+ Kg6 41. Rhg7+ Kh6 42. Kg2 Nd4 43. Kh3 Rh8 44.
g5+ Kh5 45. c5 Nf5 46. Rh7+ Rxh7 47. Rxh7+ Kg6 48. Rh6+ Nxh6 49. gxh6 Kxh6 50. c6 1-0